General information
- name: BNet
- type: Ladder team game (AT/RT)
- host: Battle.net
- saver: tehtakerofwinzz
map: Deadlock_LV
- players: 8
- length: 41:04
- speed: Fast
- version: 1.29 W3XP
- replay type: Public
» download(383 KB)
Players
team 1 (loser)

»
lalalara (
teal | 75 APM | 3049 actions | 40:47)
5 Death Knight
3 Death Coil
2 Unholy Aura
5 Lich
3 Frost Nova
2 Dark Ritual
3 Crypt Lord
2 Impale
1 Spiked Carapace
» actions
| Assign group hotkey | 30 | |
| Basic commands | 128 | |
| Build / train | 82 | |
| ESC pressed | 2 | |
| Enter build submenu | 20 | |
| Enter hero's abilities submenu | 13 | |
| Give item / drop item | 3 | |
| Remove unit from queue | 5 | |
| Right click | 1157 | |
| Select / deselect | 584 | |
| Select group hotkey | 928 | |
| Use ability | 97 | |
3049 total
» units
| Acolyte | 18 | |
| Ghoul | 5 | |
| Crypt Fiend | 4 | |
| Frost Wyrm | 5 | |
32 total
» upgrades
| Creature Attack | 3 | |
| Creature Carapace | 2 | |
| Ghoul Frenzy | 1 | |
| Web | 1 | |
| Freezing Breath | 1 | |
8 total
» buildings
| Crypt | 2 | |
| Graveyard | 1 | |
| Altar of Darkness | 1 | |
| Ziggurat | 10 | |
| Tomb of Relics | 1 | |
| Halls of the Dead | 1 | |
| Black Citadel | 1 | |
| Sacrificial Pit | 1 | |
| Boneyard | 3 | |
| Nerubian Tower | 1 | |
| Spirit Tower | 2 | |
24 total
» build order
00:11 Crypt
00:15 Crypt
00:19 Graveyard
00:44 Altar of Darkness
00:57 Ziggurat
01:25 Tomb of Relics
01:59 Ziggurat
04:36 Halls of the Dead
04:46 Ziggurat
06:22 Ziggurat
06:22 Ziggurat
06:23 Ziggurat
07:01 Black Citadel
07:09 Sacrificial Pit
09:31 Boneyard
09:32 Boneyard
09:33 Boneyard
10:49 Ziggurat
11:14 Ziggurat
11:16 Ziggurat
11:18 Ziggurat
19:43 Nerubian Tower
19:56 Spirit Tower
19:56 Spirit Tower
» items
| Rod of Necromancy | 3 | |
| Orb of Corruption | 1 | |
| Scroll of Healing | 2 | |
| Scroll of Town Portal | 2 | |
| Lesser Clarity Potion | 2 | |
| Dust of Appearance | 1 | |
11 total

»
ImTheMan (
pink | 70 APM | 1963 actions | 28:14)
4 Demon Hunter
2 Mana Burn
2 Evasion
3 Keeper of the Grove
2 Entangling Roots
1 Thorns Aura
2 Priestess of the Moon
1 Trueshot Aura
1 Searing Arrows
» actions
| Assign group hotkey | 43 | |
| Basic commands | 161 | |
| Build / train | 81 | |
| ESC pressed | 12 | |
| Enter build submenu | 23 | |
| Enter hero's abilities submenu | 9 | |
| Give item / drop item | 3 | |
| Right click | 631 | |
| Select / deselect | 390 | |
| Select group hotkey | 548 | |
| Use ability | 62 | |
1963 total
» units
| Wisp | 25 | |
| Huntress | 6 | |
| Druid of the Talon | 5 | |
| Chimaera | 8 | |
| Faerie Dragon | 1 | |
| Hippogryph | 6 | |
| Archer | 1 | |
52 total
» upgrades
| Sentinel | 1 | |
| Druid of the Talon Training | 1 | |
| Corrosive Breath | 1 | |
| Strength of the Wild | 2 | |
| Reinforced Hides | 2 | |
| Moon Armor | 1 | |
8 total
» buildings
| Altar of Elders | 1 | |
| Moon Well | 8 | |
| Hunter's Hall | 1 | |
| Ancient of War | 1 | |
| Ancient Protector | 4 | |
| Tree of Ages | 1 | |
| Tree of Life | 3 | |
| Ancient of Wind | 1 | |
| Tree of Eternity | 1 | |
| Chimaera Roost | 2 | |
| Ancient of Wonders | 1 | |
24 total
» build order
00:08 Altar of Elders
00:13 Moon Well
01:25 Hunter's Hall
01:58 Ancient of War
02:24 Moon Well
02:33 Ancient Protector
03:14 Tree of Ages
03:26 Moon Well
04:24 Moon Well
06:47 Tree of Life
07:01 Ancient of Wind
07:42 Tree of Eternity
10:06 Chimaera Roost
10:08 Chimaera Roost
10:26 Ancient of Wonders
10:36 Ancient Protector
11:01 Moon Well
11:38 Moon Well
12:48 Moon Well
15:45 Moon Well
18:27 Tree of Life
19:15 Ancient Protector
20:06 Ancient Protector
24:12 Tree of Life
» items
| Boots of Speed | 1 | |
| Scroll of Town Portal | 2 | |
| Staff of Preservation | 1 | |
| Orb of Venom | 1 | |
5 total

»
relaxNplay (
purple | 70 APM | 2022 actions | 28:42)
5 Dreadlord
2 Sleep
3 Carrion Swarm
3 Death Knight
2 Death Coil
1 Unholy Aura
» actions
| Assign group hotkey | 29 | |
| Basic commands | 92 | |
| Build / train | 72 | |
| Enter build submenu | 13 | |
| Enter hero's abilities submenu | 8 | |
| Give item / drop item | 8 | |
| Remove unit from queue | 2 | |
| Right click | 875 | |
| Select / deselect | 269 | |
| Select group hotkey | 541 | |
| Use ability | 113 | |
2022 total
» units
| Acolyte | 8 | |
| Ghoul | 10 | |
| Crypt Fiend | 5 | |
| Obsidian Statue | 6 | |
| Gargoyle | 1 | |
30 total
» upgrades
| Creature Attack | 2 | |
| Creature Carapace | 2 | |
| Web | 1 | |
| Destroyer Form | 1 | |
6 total
» buildings
| Crypt | 1 | |
| Graveyard | 1 | |
| Ziggurat | 6 | |
| Altar of Darkness | 1 | |
| Tomb of Relics | 2 | |
| Nerubian Tower | 2 | |
| Halls of the Dead | 1 | |
| Slaughterhouse | 1 | |
| Black Citadel | 1 | |
| Sacrificial Pit | 1 | |
| Spirit Tower | 3 | |
20 total
» build order
01:00 Crypt
01:05 Graveyard
01:08 Ziggurat
01:10 Ziggurat
01:12 Altar of Darkness
01:36 Tomb of Relics
02:26 Ziggurat
02:29 Nerubian Tower
03:55 Halls of the Dead
04:17 Ziggurat
06:24 Slaughterhouse
07:00 Ziggurat
08:50 Black Citadel
11:58 Sacrificial Pit
12:27 Tomb of Relics
13:22 Ziggurat
13:38 Nerubian Tower
18:58 Spirit Tower
19:00 Spirit Tower
19:02 Spirit Tower
» items
| Rod of Necromancy | 1 | |
| Sacrificial Skull | 1 | |
| Potion of Mana | 4 | |
| Scroll of Town Portal | 3 | |
| Orb of Corruption | 1 | |
| Potion of Healing | 3 | |
| Dust of Appearance | 1 | |
| Boots of Speed | 1 | |
| Ring of Protection +4 | 1 | |
16 total
Scumdawg69 (
green | 69 APM | 2804 actions | 40:47)
4 Blademaster
2 Wind Walk
2 Critical Strike
» actions
| Assign group hotkey | 37 | |
| Basic commands | 317 | |
| Build / train | 78 | |
| Enter build submenu | 37 | |
| Enter hero's abilities submenu | 4 | |
| Give item / drop item | 9 | |
| Right click | 973 | |
| Select / deselect | 448 | |
| Select group hotkey | 768 | |
| Use ability | 133 | |
2804 total
» units
| Peon | 19 | |
| Grunt | 5 | |
| Troll Batrider | 4 | |
| Wind Rider | 7 | |
35 total
» upgrades
| Reinforced Defenses | 1 | |
| Ranged Weapons | 3 | |
| Armor | 3 | |
| Liquid Fire | 1 | |
| Troll Regeneration | 1 | |
| Envenomed Spears | 1 | |
10 total
» buildings
| Orc Burrow | 6 | |
| Altar of Storms | 1 | |
| Barracks | 1 | |
| Voodoo Lounge | 1 | |
| Stronghold | 1 | |
| Great Hall | 5 | |
| War Mill | 2 | |
| Watch Tower | 15 | |
| Fortress | 1 | |
| Beastiary | 4 | |
37 total
» build order
00:11 Orc Burrow
00:57 Orc Burrow
01:02 Altar of Storms
01:04 Barracks
01:42 Voodoo Lounge
02:52 Stronghold
04:09 Great Hall
04:20 Great Hall
05:14 Orc Burrow
05:17 War Mill
06:44 Watch Tower
06:44 Watch Tower
06:45 Watch Tower
06:57 Watch Tower
06:57 Watch Tower
08:10 Fortress
08:30 Beastiary
08:32 Beastiary
09:23 Beastiary
10:00 Watch Tower
10:01 Watch Tower
10:03 Watch Tower
11:25 War Mill
15:20 Watch Tower
15:22 Watch Tower
15:23 Watch Tower
17:58 Great Hall
18:02 Watch Tower
18:03 Watch Tower
18:05 Watch Tower
18:05 Watch Tower
18:25 Beastiary
19:53 Orc Burrow
19:54 Orc Burrow
19:55 Orc Burrow
25:01 Great Hall
28:38 Great Hall
» items
| Healing Salve | 5 | |
| Lesser Clarity Potion | 3 | |
| Runed Bracers | 1 | |
| Orb of Darkness | 1 | |
| Potion of Mana | 2 | |
| Scourge Bone Chimes | 1 | |
| Gloves of Haste | 1 | |
| Potion of Healing | 3 | |
| Scroll of Town Portal | 4 | |
| Amulet of Spell Shield | 1 | |
| Ring of Protection +3 | 1 | |
| Ring of Regeneration | 1 | |
| Staff of Teleportation | 1 | |
| Orb of Lightning | 1 | |
26 total
team 2 (winner)

»
DURAMAX[GGL] (
orange | 75 APM | 1272 actions | 16:54)
2 Archmage
1 Summon Water Elemental
1 Brilliance Aura
1 Mountain King
1 Storm Bolt
» actions
| Assign group hotkey | 27 | |
| Build / train | 51 | |
| Enter build submenu | 18 | |
| Enter hero's abilities submenu | 3 | |
| Give item / drop item | 1 | |
| Remove unit from queue | 4 | |
| Right click | 616 | |
| Select / deselect | 185 | |
| Select group hotkey | 323 | |
| Use ability | 44 | |
1272 total
» units
» upgrades
» buildings
| Altar of Kings | 1 | |
| Farm | 8 | |
| Barracks | 1 | |
| Blacksmith | 1 | |
| Scout Tower | 1 | |
| Arcane Tower | 1 | |
| Town Hall | 2 | |
| Keep | 2 | |
| Arcane Vault | 2 | |
| Lumber Mill | 1 | |
| Castle | 1 | |
21 total
» build order
00:06 Altar of Kings
00:20 Farm
00:34 Barracks
01:27 Blacksmith
01:36 Farm
01:40 Scout Tower
02:38 Arcane Tower
02:41 Farm
04:46 Town Hall
05:38 Keep
05:50 Arcane Vault
07:15 Town Hall
07:31 Farm
07:32 Farm
07:37 Keep
08:37 Arcane Vault
11:02 Farm
11:42 Farm
11:43 Farm
12:12 Lumber Mill
12:23 Castle
» items
| Scroll of Regeneration | 3 | |
| Lesser Clarity Potion | 1 | |
| Potion of Healing | 2 | |
| Scroll of Town Portal | 2 | |
8 total
Vintz (
yellow | 44 APM | 764 actions | 17:29)
3 Archmage
2 Summon Water Elemental
1 Brilliance Aura
1 Paladin
1 Holy Light
1 Mountain King
1 Storm Bolt
» actions
| Assign group hotkey | 18 | |
| Basic commands | 64 | |
| Build / train | 71 | |
| Enter build submenu | 18 | |
| Enter hero's abilities submenu | 5 | |
| Give item / drop item | 1 | |
| Remove unit from queue | 3 | |
| Right click | 174 | |
| Select / deselect | 194 | |
| Select group hotkey | 173 | |
| Use ability | 43 | |
764 total
» units
| Peasant | 11 | |
| Footman | 17 | |
| Rifleman | 6 | |
| Sorceress | 4 | |
| Priest | 3 | |
| Knight | 1 | |
42 total
» upgrades
| Defend | 1 | |
| Masonry | 1 | |
| Swords | 1 | |
| Plating | 1 | |
| Long Rifles | 1 | |
| Gunpowder | 2 | |
| Animal War Training | 1 | |
| Armor | 1 | |
| Sorceress Training | 2 | |
11 total
» buildings
| Barracks | 2 | |
| Altar of Kings | 1 | |
| Farm | 9 | |
| Scout Tower | 1 | |
| Arcane Tower | 1 | |
| Lumber Mill | 1 | |
| Arcane Vault | 1 | |
| Town Hall | 1 | |
| Keep | 1 | |
| Blacksmith | 1 | |
| Castle | 1 | |
| Arcane Sanctum | 1 | |
21 total
» build order
00:11 Barracks
00:15 Altar of Kings
00:23 Farm
01:01 Farm
01:41 Farm
02:26 Scout Tower
03:07 Farm
03:43 Arcane Tower
03:47 Lumber Mill
04:17 Arcane Vault
04:25 Farm
04:51 Town Hall
06:11 Keep
06:27 Blacksmith
07:00 Farm
07:02 Farm
07:04 Farm
07:08 Farm
08:12 Barracks
09:41 Castle
09:47 Arcane Sanctum
» items
| Scroll of Regeneration | 1 | |
| Boots of Speed | 1 | |
| Scroll of Town Portal | 2 | |
4 total
tunga4 (
blue | 211 APM | 3721 actions | 17:40)
5 Warden
3 Fan of Knives
2 Blink
» actions
| Assign group hotkey | 29 | |
| Build / train | 69 | |
| ESC pressed | 1 | |
| Enter build submenu | 14 | |
| Enter hero's abilities submenu | 5 | |
| Give item / drop item | 7 | |
| Right click | 1484 | |
| Select / deselect | 382 | |
| Select group hotkey | 1597 | |
| Use ability | 133 | |
3721 total
» units
| Wisp | 9 | |
| Archer | 9 | |
| Druid of the Talon | 8 | |
| Mountain Giant | 2 | |
| Dryad | 3 | |
31 total
» upgrades
| Improved Bows | 1 | |
| Druid of the Talon Training | 2 | |
| Ultravision | 1 | |
| Hardened Skin | 1 | |
| Well Spring | 1 | |
| Resistant Skin | 1 | |
7 total
» buildings
| Moon Well | 5 | |
| Ancient of War | 1 | |
| Altar of Elders | 1 | |
| Tree of Ages | 2 | |
| Ancient of Wonders | 1 | |
| Ancient of Wind | 2 | |
| Hunter's Hall | 1 | |
| Ancient of Lore | 1 | |
| Tree of Eternity | 2 | |
| Tree of Life | 1 | |
17 total
» build order
00:27 Moon Well
00:56 Ancient of War
01:00 Altar of Elders
01:19 Moon Well
02:27 Tree of Ages
02:27 Tree of Ages
03:25 Moon Well
04:11 Ancient of Wonders
05:28 Ancient of Wind
05:46 Ancient of Wind
06:08 Hunter's Hall
06:50 Moon Well
07:53 Ancient of Lore
08:05 Moon Well
08:18 Tree of Eternity
08:18 Tree of Eternity
15:06 Tree of Life
» items
| Lesser Clarity Potion | 4 | |
| Moonstone | 5 | |
| Potion of Healing | 3 | |
| Potion of Mana | 2 | |
| Scroll of Town Portal | 2 | |
| Staff of Preservation | 1 | |
17 total
tehtakerofwinzz (
red | 87 APM | 3575 actions | 41:04)
6 Blademaster
3 Wind Walk
2 Critical Strike
1 Bladestorm
2 Shadow Hunter
1 Healing Wave
1 Hex
1 Mountain King
1 Bash
1 Tauren Chieftain
1 War Stomp
» actions
| Assign group hotkey | 65 | |
| Basic commands | 55 | |
| Build / train | 125 | |
| ESC pressed | 31 | |
| Enter build submenu | 94 | |
| Enter hero's abilities submenu | 10 | |
| Give item / drop item | 23 | |
| Right click | 1376 | |
| Select / deselect | 657 | |
| Select group hotkey | 857 | |
| Use ability | 282 | |
3575 total
» units
| Peon | 30 | |
| Grunt | 3 | |
| Troll Headhunter/Berserker | 2 | |
| Wind Rider | 6 | |
| Troll Batrider | 3 | |
| Kodo Beast | 1 | |
45 total
» upgrades
| Ranged Weapons | 4 | |
| Pillage | 1 | |
| Berserker Strength | 1 | |
| Armor | 3 | |
| Reinforced Defenses | 1 | |
| Envenomed Spears | 1 | |
| War Drums Damage Increase | 1 | |
| Berserker Upgrade | 1 | |
| Masonry | 1 | |
| Spiked Barricades | 1 | |
| Melee Weapons | 2 | |
| Liquid Fire | 1 | |
18 total
» buildings
| Orc Burrow | 10 | |
| Altar of Storms | 2 | |
| Barracks | 2 | |
| Voodoo Lounge | 2 | |
| Stronghold | 3 | |
| War Mill | 2 | |
| Great Hall | 5 | |
| Watch Tower | 31 | |
| Fortress | 6 | |
| Beastiary | 4 | |
| Scout Tower | 9 | |
| Guard Tower | 6 | |
| Ancient Protector | 3 | |
| Moon Well | 5 | |
| Tree of Life | 1 | |
91 total
» build order
00:07 Orc Burrow
00:49 Altar of Storms
01:02 Barracks
01:05 Barracks
01:17 Orc Burrow
01:35 Voodoo Lounge
02:40 Orc Burrow
03:54 Stronghold
04:57 War Mill
05:09 Orc Burrow
05:57 Great Hall
06:49 Watch Tower
06:53 Watch Tower
07:25 Fortress
07:25 Fortress
07:26 Fortress
08:05 Watch Tower
08:06 Watch Tower
08:46 Beastiary
08:48 Beastiary
09:32 Watch Tower
09:33 Watch Tower
09:36 Watch Tower
11:04 Great Hall
11:36 Watch Tower
11:38 Watch Tower
13:28 Watch Tower
13:29 Watch Tower
13:30 Watch Tower
14:20 Great Hall
14:23 Watch Tower
14:34 Watch Tower
14:54 Watch Tower
15:00 Watch Tower
15:02 Watch Tower
15:38 Watch Tower
16:12 Watch Tower
17:48 Stronghold
17:48 Stronghold
17:50 Watch Tower
18:02 Scout Tower
18:02 Scout Tower
18:03 Scout Tower
18:03 Scout Tower
18:04 Scout Tower
18:05 Scout Tower
18:31 Guard Tower
18:31 Guard Tower
18:32 Scout Tower
18:33 Scout Tower
18:34 Scout Tower
18:46 War Mill
19:03 Guard Tower
19:03 Guard Tower
19:13 Guard Tower
19:13 Guard Tower
19:57 Orc Burrow
20:01 Watch Tower
20:28 Ancient Protector
21:59 Voodoo Lounge
22:08 Orc Burrow
23:33 Altar of Storms
24:17 Watch Tower
24:48 Orc Burrow
24:58 Ancient Protector
24:59 Ancient Protector
25:49 Beastiary
26:35 Watch Tower
26:46 Fortress
26:46 Fortress
26:46 Fortress
27:23 Beastiary
28:53 Great Hall
29:33 Watch Tower
29:54 Moon Well
29:55 Moon Well
29:56 Moon Well
30:38 Orc Burrow
30:45 Orc Burrow
30:59 Moon Well
31:06 Moon Well
32:31 Watch Tower
33:04 Watch Tower
33:46 Great Hall
33:49 Watch Tower
33:50 Watch Tower
33:51 Watch Tower
33:56 Watch Tower
34:34 Orc Burrow
34:39 Watch Tower
38:00 Tree of Life
» items
| Healing Salve | 2 | |
| Boots of Speed | 2 | |
| Boots of Quel'Thalas +6 | 2 | |
| Gloves of Haste | 1 | |
| Lesser Clarity Potion | 4 | |
| Orb of Lightning | 2 | |
| Scroll of Protection | 2 | |
| Scroll of Town Portal | 1 | |
| Potion of Lesser Invulnerability | 1 | |
| Pendant of Mana | 3 | |
| Amulet of Spell Shield | 2 | |
| Staff of Silence | 1 | |
| Sobi Mask | 1 | |
| Khadgar's Gem of Health | 1 | |
25 total
Chat log
(00:48 / All) Vintz: really?
(00:51 / All) Vintz: no one left?
(00:55 / All) tehtakerofwinzz: shocking
(01:26 / All) Vintz: or maybe its my turn to leave?
(01:27 / All) Scumdawg69: Saint Adolf performing miracles for all
(01:44 / All) tehtakerofwinzz: if you do that I'll fuck your mom yellow
(01:47 / All) Vintz: how could one tell?
(01:50 / All) relaxNplay: adolf would be rolling in the grave if he saw the retards that support him now
(02:03 / All) tehtakerofwinzz: happy 4/20
(02:04 / All) tehtakerofwinzz: hitlers bday
(02:11 / All) Vintz: fuck me were 420
(02:18 / All) Vintz: or we were?
(05:58 / Allies) tunga4: nvm
(05:59 / Allies) tunga4: lol
(06:02 / Allies) DURAMAX[GGL]: help me
(06:13 / Allies) DURAMAX[GGL]: was almost done
(08:28 / Allies) DURAMAX[GGL]: u guys fucking suck help me
(08:42 / Allies) tehtakerofwinzz: big mouth noob
(08:50 / Allies) DURAMAX[GGL]: so fucking useless
(08:59 / Allies) tehtakerofwinzz: wahhhhhh my allies dont do exactly what I want they are useless
(09:00 / Allies) tehtakerofwinzz: WAHHHHHH
(09:02 / Allies) tehtakerofwinzz: WAHHHHHH
(09:04 / All) Scumdawg69: the shop creeps have sleep adn bolt lol
(09:08 / All) Scumdawg69: gayest creeps ever
(09:12 / Allies) DURAMAX[GGL]: uyr fucking bad thats all
(09:37 / Allies) Vintz: we gotta meet
(09:42 / Allies) DURAMAX[GGL]: stfu
(09:56 / Allies) DURAMAX[GGL]: follow me nub
(10:49 / Allies) DURAMAX[GGL]: where is ur army blue?
(11:34 / Allies) DURAMAX[GGL]: fucking mgs against elf and ud HAHAHAA
(11:36 / Allies) tunga4: spare gold?
(11:48 / Allies) tehtakerofwinzz: ty
(11:48 / Allies) tunga4: thy
(11:56 / Allies) tehtakerofwinzz: just let oj die he sucks
(11:57 / Allies) Vintz: ill tp
(12:37 / Allies) DURAMAX[GGL]: wyvs HAHA
(13:23 / Allies) tehtakerofwinzz: HAHA
(13:25 / Allies) Vintz: gogog
(14:05 / All) ImTheMan: gg
(14:35 / Allies) DURAMAX[GGL]: well not shit u guys blow
(14:43 / Allies) tehtakerofwinzz: out then better off without you
(14:50 / Allies) DURAMAX[GGL]: red u have nothing dude stfu
(14:59 / Allies) tehtakerofwinzz: and what do you have, you havent done shit all game
(15:10 / All) Scumdawg69: why more warden on patch it got nerfed lol?
(15:17 / All) tunga4: cuz shes fun
(15:18 / Allies) DURAMAX[GGL]: u have wyvs against 2 ud
(15:20 / Allies) DURAMAX[GGL]: ur TRASH
(15:20 / Allies) tehtakerofwinzz: WAHHHH
(15:22 / Allies) tehtakerofwinzz: WAHHHHHH
(15:23 / Allies) tehtakerofwinzz: WAHHHHH
(15:24 / Allies) tehtakerofwinzz: CRY MORE
(15:29 / All) tunga4: no other real reason
(15:34 / Allies) DURAMAX[GGL]: no seriously ur awful
(15:41 / Allies) tehtakerofwinzz: WAHHHH
(15:42 / All) tehtakerofwinzz: WAHHHHHH
(15:44 / Allies) DURAMAX[GGL]: blue goes mgs useless
(15:47 / All) tehtakerofwinzz: OJ GOES WAHHHH
(15:50 / All) tehtakerofwinzz: NEED TO CALL WAHHHHMBULANCE
(15:57 / Allies) DURAMAX[GGL]: yellow is getting rifles fucking 20 min. in
(16:12 / Allies) DURAMAX[GGL]: more like take or the dick cause u swallow cum
(16:21 / Allies) tehtakerofwinzz: I don't want to hear your gay fantasies homo
(16:25 / Allies) DURAMAX[GGL]: go kill some shit with those wyvs
(16:44 / Allies) DURAMAX[GGL]: oh u got 2 bats now GG
(16:49 / Allies) tehtakerofwinzz: and what do you have
(16:50 / Allies) DURAMAX[GGL]: trash kid go to tbed
(16:51 / Allies) tehtakerofwinzz: 0 anything
(16:52 / Allies) tehtakerofwinzz: LOL
(17:04 / All) tehtakerofwinzz: oj just insulted me for not having much he has 0 anything
(17:16 / Allies) tunga4: gold plz
(17:16 / All) relaxNplay: we all have problems
(17:18 / All) Vintz: no for real red u suck
(17:22 / All) Vintz: =D
(17:32 / All) tehtakerofwinzz: lol
(17:36 / All) tunga4: gg
(17:55 / All) ImTheMan: lol
(22:35 / All) tehtakerofwinzz: gg out
(28:07 / All) tehtakerofwinzz: gg out
(28:48 / All) tehtakerofwinzz: raped
(28:49 / All) tehtakerofwinzz: out
(29:19 / All) tehtakerofwinzz: grats
(29:21 / All) tehtakerofwinzz: you still lose
(29:22 / All) tehtakerofwinzz: bye
(29:23 / All) tehtakerofwinzz: out
(30:11 / All) tehtakerofwinzz: out teal
(30:16 / All) tehtakerofwinzz: give up
(30:17 / All) tehtakerofwinzz: you lose
(34:20 / All) Scumdawg69: pink base
(35:53 / All) tehtakerofwinzz: bm has two +6 boots, pendant of mana, orb of lightning. amulet of spell shield, boots of speed
(35:54 / All) tehtakerofwinzz: godly
(36:13 / All) Scumdawg69: darkness was bette than lighting for harass
(36:17 / All) Scumdawg69: WEll maybe not
(36:23 / All) Scumdawg69: definitely would be against orc and human
(36:38 / All) Scumdawg69: if you kill wisps with it do they turn to skeles?
(37:10 / All) tehtakerofwinzz: not sure
(37:17 / All) tehtakerofwinzz: I rather have purge for sneaky hero kills and shit
(38:37 / All) Scumdawg69: Lol my team were raging hardcore
(38:52 / All) Scumdawg69: but I was too focused to shit talk them in the moment
(39:01 / All) Scumdawg69: They kept going after my bm
(39:10 / All) Scumdawg69: I had 500 gold left and no expos
(39:14 / All) Scumdawg69: they were all working against me
(39:20 / All) Scumdawg69: killing my expo and chonga line
(39:24 / All) Scumdawg69: both expos
(39:31 / All) tehtakerofwinzz: you did good, didn't think we had this
(39:36 / All) tehtakerofwinzz: my team sucked ass and then was all saying I suck lol
(39:37 / All) Scumdawg69: Mighty fine chat
(39:41 / All) Scumdawg69: Lawl
(39:50 / All) tehtakerofwinzz: Best part was oj complaining I didn't have many units
(39:55 / All) tehtakerofwinzz: when he had 20 food and no base LOL
(39:55 / All) Scumdawg69: Two bases were killed really quick
(39:59 / All) Scumdawg69: They killed your left out ally
(40:01 / All) Scumdawg69: and Ig ot blue
(40:06 / All) Scumdawg69: then there was mass wyrms in your base
(40:21 / All) Scumdawg69: Teal not talking but is here
(40:27 / All) Scumdawg69: I'll end it
(40:40 / All) Scumdawg69: Nice try teal, but this win had to be repo'd